 Dungeon Crawl Stone Soup version 0.21.1-1-g345015f (webtiles) character file.

112 Fortress the Magician (level 4, -5/24 HPs)
             Began as a Deep Elf Wizard on June 14, 2018.
             Slain by an orc
             ... wielding a +0 trident
              (6 damage)
             ... on level 3 of the Dungeon.
             The game lasted 00:12:39 (2522 turns).

Fortress the Magician (Deep Elf Wizard)             Turns: 2522, Time: 00:12:40

Health: -5/24      AC:  2    Str:  5    XL:     4   Next: 64%
Magic:  1/14       EV: 13    Int: 23    God:
Gold:   83         SH:  0    Dex: 13    Spells: 12/15 levels left

rFire    . . .     SeeInvis .   f - +0 short sword
rCold    . . .     Gourm    .   (no shield)
rNeg     . . .     Faith    .   a - +0 robe
rPois    .         Spirit   .   b - +0 hat
rElec    .         Reflect  .   (no cloak)
rCorr    .         Harm     .   (no gloves)
MR       .....                  (no boots)
Stlth    ++........             (no amulet)
HPRegen  0.08/turn              (no ring)
MPRegen  0.14/turn              (no ring)

@: no status effects
A: no striking features
a: no special abilities


You were on level 3 of the Dungeon.
You were not hungry.

You visited 1 branch of the dungeon, and saw 3 of its levels.

You collected 83 gold pieces.

Inventory:

Hand Weapons
 f - a +0 short sword (weapon)
Missiles
 e - 69 arrows
 i - 113 stones (quivered)
Armour
 a - a +0 robe (worn)
 b - a +0 hat (worn)
Scrolls
 h - 3 scrolls of identify
 j - a scroll of teleportation {unknown}
 k - a scroll of blinking {unknown}
 l - 2 scrolls of noise
Books
 c - a book of Minor Magic

   Spells                             Type                      Level
   a - Magic Dart                     Conjuration                  1
   b - Blink                          Translocation                2
   c - Call Imp                       Summoning                    2
   d - Slow                           Hexes                        2
   e - Conjure Flame                  Conjuration/Fire             3
   f - Mephitic Cloud                 Conjuration/Poison/Air       3
Comestibles
 d - 3 rations
 m - 14 chunks of flesh


   Skills:
 * Level 1.4 Short Blades
 + Level 2.7 Dodging
 + Level 3.0 Stealth
 + Level 6.0 Spellcasting
 + Level 2.4 Conjurations
   Level 1.1 Summonings
 + Level 1.1 Translocations


You had 12 spell levels left.
You knew the following spells:

 Your Spells              Type           Power        Failure   Level  Hunger
a - Magic Dart            Conj           ###.         3%          1    None
b - Blink                 Tloc           N/A          9%          2    None


Dungeon Overview and Level Annotations

Branches:
Dungeon (3/15)

Altars:


Message History

You hit the orc wizard but do no damage.
The orc wizard is heavily wounded.
The orc wizard barely misses you.
You hit the orc wizard but do no damage.
The orc wizard is heavily wounded.
The orc wizard misses you.
The orc hits you from afar with a trident.
The orc wizard hits you with a dagger.
* * * LOW HITPOINT WARNING * * *
As you read the scroll labeled VACVAA BASISIE, it crumbles to dust.
It is a scroll of identify.
l - 2 scrolls of noise The orc misses you.
The orc wizard hits you with a dagger.
* * * LOW HITPOINT WARNING * * *
As you read the scroll labeled LEGEIL ENAA, it crumbles to dust.
You feel blessed for a moment.
It was a scroll of remove curse.
The orc wizard hits you with a dagger.
* * * LOW HITPOINT WARNING * * *
The orc hits you from afar with a trident.
You die...

.....................
#...................
#...........÷.#####
#.......####..#######
#.......##..........#
#.......##..........#
###..#####..........#
##.# #..........# #.
#@# #.....).)..#
...###########o#
#....).....#
...........o.or##
#..........#
................#
#..........'
..............#.#
#..........#
.$............#.#
#......)...#
..............#.#
#......)...#
....)...÷.....#..
###..##'####
..)...........##.
#..##.#


You could see an orc wizard, an orc and a rat.

Vanquished Creatures
  Terence (D:3)
  2 adders (D:2)
  2 oozes (D:2)
  A dart slug (D:1)
  A leopard gecko (D:1)
  6 orcs (D:3)
  A ball python (D:3)
  A giant cockroach (D:2)
  9 hobgoblins
  5 jackals
  2 quokkas
  4 bats
  4 frilled lizards
  2 goblins (D:1)
  6 kobolds
  7 rats
54 creatures vanquished.

Notes
Turn   | Place    | Note
-------+----------+-------------------------------------------
     0 | D:1      | Fortress the Deep Elf Wizard began the quest for the Orb.
     0 | D:1      | Reached XP level 1. HP: 10/10 MP: 7/7
   329 | D:1      | Reached skill level 5 in Spellcasting
   333 | D:1      | Reached XP level 2. HP: 4/15 MP: 2/10
  1265 | D:2      | Learned a level 2 spell: Blink
  1318 | D:2      | Reached XP level 3. HP: 18/19 MP: 7/11
  2017 | D:2      | Reached XP level 4. HP: 17/24 MP: 5/13
  2214 | D:3      | Noticed Terence
  2236 | D:3      | Killed Terence
  2236 | D:3      | Reached skill level 1 in Short Blades
  2309 | D:3      | Reached skill level 6 in Spellcasting
  2522 | D:3      | HP: 1/24 [orc wizard/dagger (2)]
  2522 | D:3      | Slain by an orc

Skill      XL: |  1  2  3  4 |
---------------+-------------+-----
Spellcasting   | 5 6 |  6.0
Conjurations   | 2 |  2.4
Short Blades   | 1 |  1.4
Stealth        | 3 |  3.0
Dodging        | |  2.7
Summonings     | |  1.1
Translocations | |  1.1

Action                   |  1- 3 |  4- 6 || total
-------------------------+-------+-------++-------
Melee: Short sword       |    24 |    16 ||    40
 Cast: Magic Dart        |   102 |    53 ||   155
  Use: Scroll            |       |     2 ||     2
  Eat: Chunk             |     3 |     2 ||     5
Armor: Robe              |     6 |     1 ||     7
Dodge: Dodged            |    36 |    29 ||    65
